 Dungeon Sprint DCSS version 0.27-a0-978-g2aa4ecdaef (webtiles) character file.

Game seed: 6792032228979569219

1700 mhtbhm the Earth Mage (level 9, -14/51 HPs)
             Began as a Gargoyle Earth Elementalist on Apr 14, 2021.
             Was a Follower of Vehumet.
             Demolished by a shadow (26 damage)
             ... in the Dungeon (Sprint IX: "|||||||||||||||||||||||||||||").
             The game lasted 00:02:24 (437 turns).

mhtbhm the Earth Mage (Gargoyle Earth Elementalist)  Turns: 437, Time: 00:02:24

Health: -14/51     AC:  9    Str: 12    XL:     9   Next: 3%
Magic:  1/24       EV: 14    Int: 22    God:    Vehumet [*.....]
Gold:   0          SH:  0    Dex: 10    Spells: 16/31 levels left

rFire    . . .     SeeInvis .   a - +2 morningstar (vorpal)
rCold    . . .     Faith    .   (no shield)
rNeg     + . .     Spirit   .   c - +0 robe
rPois    ∞         Reflect  .   (no helmet)
rElec    +         Harm     .   (no cloak)
rCorr    .         Rampage  .   k - +0 pair of gloves
Will     .....     NoTele   +   (no boots)
Stlth    ++........             (no amulet)
HPRegen  0.17/turn              l - +2 ring of evasion
MPRegen  0.19/turn              m - +3 ring of intelligence

@: very slightly contaminated, invisible
A: AC +6, negative energy resistance 1, electricity resistance, torment
resistance 1, unbreathing 1, petrification resistance
a: Renounce Religion


You were in the Dungeon.
You worshipped Vehumet.
Vehumet was aware of your devotion.
You visited 1 branch

Inventory:

Hand Weapons
 a - a +2 vorpal morningstar (weapon)
Missiles
 b - 12 stones
Armour
 c - a +0 robe (worn)
 k - a +0 pair of gloves (worn)
Jewellery
 l - a +2 ring of evasion (left hand)
 m - a +3 ring of intelligence (right hand)
Wands
 h - a wand of iceblast (10)
Scrolls
 f - 2 scrolls of amnesia
 i - 2 scrolls of blinking
Potions
 d - 5 potions of curing
 e - a potion of heal wounds
 g - 3 potions of magic


   Skills:
 + Level 3.5 Fighting
 + Level 3.9 Dodging
 - Level 2.2 Stealth
 + Level 11.7 Spellcasting
 + Level 0.1 Conjurations
 + Level 2.5 Transmutations
 + Level 15.5 Earth Magic


You had 16 spell levels left.
You knew the following spells:

 Your Spells              Type           Power      Damage    Failure   Level
a - Sandblast             Erth           100%       2d20      0%          1
b - Passwall              Tmut/Erth      42%        N/A       1%          2
c - Stone Arrow           Conj/Erth      94%        3d12      1%          3
d - Lee's Rapid Deconstr  Erth           34%        3d18*     1%          5
e - Petrify               Tmut/Erth      51%        N/A       1%          4

Your spell library contained the following spells:

 Spells                   Type           Power      Damage    Failure   Level
 Foxfire                  Conj/Fire      52%        2x1d6     4%          1


Dungeon Overview and Level Annotations

Branches:
Dungeon (1/1)

Altars:
Cheibriados
Dithmenos
Elyvilon
Fedhas
Gozag
Hepliaklqana
Kikubaaqudgha
Makhleb
Nemelex Xobeh
Okawaru
Qazlal
Ru
Sif Muna
Trog
Uskayaw
Vehumet
Wu Jian
Xom
Yredelemnul
Zin
The Shining One
Beogh
Jiyva
Lugonu


Innate Abilities, Weirdness & Mutations

Your stone body is resilient. (AC +6)
You are immune to poison.
You resist negative energy. (rN+)
You are resistant to electric shocks. (rElec)
You are resistant to unholy torment.
You can survive without breathing.
You are immune to petrification.


Message History

You feel your power returning. The shadow hits you.
You have reached level 9!
Your experience leads to an increase in your attributes!
Your base attributes are Str 12, Int 18, Dex 10.
Increase (S)trength, (I)ntelligence, or (D)exterity?
You feel clever.
Unknown command.
Casting: Stone Arrow (safe; 1% risk of failure)
Confirm with . or Enter, or press ? or * to list all spells.
Aiming: Stone Arrow (safe; 1% risk of failure)
Press: ? - help, Shift-Dir - straight line, f - shadow
Aim: a shadow (24% to evade)
The stone arrow hits the shadow!
The shadow is severely damaged.
The shadow hits you.
Unknown command.
You hit the shadow but do no damage.
The shadow is heavily damaged.
The shadow slips into darkness.
The shadow flickers and vanishes!
Deactivating autopickup; reactivate with Ctrl-A.
You completely miss something.
The shadow strikes at you from the darkness!
* * * LOW HITPOINT WARNING * * *
Reactivating autopickup.
The shadow slips into darkness.
The shadow flickers and vanishes!
Deactivating autopickup; reactivate with Ctrl-A.
Casting: Stone Arrow (safe; 1% risk of failure)
Confirm with . or Enter, or press ? or * to list all spells.
You can't see any susceptible monsters within range! (Use Z to cast anyway.) Unknown command.
Casting: Stone Arrow (safe; 1% risk of failure)
Confirm with . or Enter, or press ? or * to list all spells.
Aiming: Sandblast (safe; 0% risk of failure)
Press: ? - help, Shift-Dir - straight line The blast of sand hits something!
The shadow strikes at you from the darkness!
Ouch! That really hurt!
You die... ▓▓▓▓▓▓▓▓▓▓▓▓▓▓▓▓▓▓▓▓▓▓▓▓ ______'..)..[[.)@{.....+ ▓▓▓▓▓▓▓▓▓▓▓▓▓▓▓▓▓▓▓▓▓▓▓▓

There were no monsters in sight!

Vanquished Creatures
  2 two-headed ogres (D)
  A yak (D)
  An orc warrior (D)
  An ogre (D)
  A hound (D)
  An orc wizard (D)
  An adder (D)
  A white imp (D)
  An adder skeleton (D)
  2 endoplasms (D)
  A goblin (D)
  2 hobgoblins (D)
15 creatures vanquished.

Notes
Turn   | Place    | Note
-------+----------+-------------------------------------------
     0 | D        | mhtbhm the Gargoyle Earth Elementalist began the quest for
                  | the Orb.
     0 | D        | Reached XP level 1. HP: 10/10 MP: 3/3
     5 | D        | Reached skill level 4 in Earth Magic
    28 | D        | Reached skill level 1 in Transmutations
    28 | D        | Reached XP level 2. HP: 15/15 MP: 0/6
    35 | D        | Learned a level 2 spell: Passwall
    96 | D        | Noticed an ogre
   102 | D        | Reached skill level 6 in Earth Magic
   102 | D        | Reached XP level 3. HP: 20/20 MP: 2/8
   110 | D        | Killed an ogre
   111 | D        | Reached skill level 5 in Spellcasting
   111 | D        | Reached skill level 9 in Earth Magic
   111 | D        | Reached XP level 4. HP: 24/24 MP: 0/11
   111 | D        | Reached XP level 5. HP: 28/28 MP: 0/12
   322 | D        | Reached skill level 1 in Fighting
   328 | D        | Learned a level 3 spell: Stone Arrow
   334 | D        | Learned a level 5 spell: Lee's Rapid Deconstruction
   339 | D        | Learned a level 4 spell: Petrify
   354 | D        | Found a snail-covered altar of Cheibriados.
   354 | D        | Found a shadowy altar of Dithmenos.
   354 | D        | Found a white marble altar of Elyvilon.
   354 | D        | Found a blossoming altar of Fedhas.
   354 | D        | Found an opulent altar of Gozag.
   355 | D        | Found a hazy altar of Hepliaklqana.
   356 | D        | Found a viscous altar of Jiyva.
   357 | D        | Found an ancient bone altar of Kikubaaqudgha.
   358 | D        | Found a corrupted altar of Lugonu.
   359 | D        | Found a burning altar of Makhleb.
   360 | D        | Found a sparkling altar of Nemelex Xobeh.
   361 | D        | Found an iron altar of Okawaru.
   362 | D        | Found a stormy altar of Qazlal.
   363 | D        | Found a sacrificial altar of Ru.
   364 | D        | Found a shimmering blue altar of Sif Muna.
   365 | D        | Found a bloodstained altar of Trog.
   366 | D        | Found a hide-covered altar of Uskayaw.
   367 | D        | Found a radiant altar of Vehumet.
   368 | D        | Found an ornate altar of the Wu Jian Council.
   369 | D        | Found a shimmering altar of Xom.
   370 | D        | Found a basalt altar of Yredelemnul.
   371 | D        | Found a glowing silver altar of Zin.
   372 | D        | Found a glowing golden altar of the Shining One.
   375 | D        | Became a worshipper of Vehumet
   409 | D        | Noticed a two-headed ogre
   409 | D        | Noticed an orc warrior
   409 | D        | Noticed a two-headed ogre
   409 | D        | Noticed a yak
   409 | D        | Noticed a shadow
   420 | D        | Killed an orc warrior
   421 | D        | Reached skill level 10 in Earth Magic
   421 | D        | Reached XP level 6. HP: 34/34 MP: 7/15
   426 | D        | Reached skill level 11 in Earth Magic
   426 | D        | Killed a two-headed ogre
   426 | D        | Reached * piety under Vehumet
   426 | D        | Offered knowledge of Foxfire by Vehumet.
   426 | D        | Killed a two-headed ogre
   427 | D        | Reached skill level 15 in Earth Magic
   427 | D        | Reached XP level 7. HP: 41/41 MP: 6/22
   427 | D        | Reached XP level 8. HP: 46/46 MP: 6/23
   433 | D        | Killed a yak
   434 | D        | Reached XP level 9. HP: 38/51 MP: 4/24
   437 | D        | Demolished by a shadow

Illustrated notes

Levels and vault maps discovered:
D:        linesprint [early_d, line_temple, items_1, d_10, items_2, lair_1,
          lair_end, items_3, orc_1, orc_end, items_4, d_15, swamp_1, shoals_1,
          snake_1, spider_1, d_20, vaults_1, items_5, swamp_end, shoals_end,
          snake_end, spider_end, vaults_end, d_27, items_6, zot_1, zot_end,
          crypt_end, forest_end, elf_end, slime_end, tomb_end, abyss_end,
          pan_hell_end]

Skill      XL: |  1  2  3  4  5  6 |
---------------+-------------------+-----
Earth Magic    | 4 6 9 10 15 | 15.5
Spellcasting   | 3 5 6 11 | 11.7
Transmutations | 1 2 |  2.5
Dodging        | 2 3 |  3.9
Fighting       | 1 3 |  3.5
Stealth        | |  2.2
Conjurations   | |  0.1

Action                   |  1- 3 |  4- 6 |  7- 9 || total
-------------------------+-------+-------+-------++-------
Melee: Unarmed           |    14 |     1 |       ||    15
       Morningstar       |       |       |     5 ||     5
 Cast: Sandblast         |    11 |     6 |     1 ||    18
       Lee's Rapid Decon |       |     4 |       ||     4
       Stone Arrow       |       |       |     2 ||     2
  Use: Potion            |     3 |     3 |       ||     6
 Stab: Invisible         |       |       |     1 ||     1
Armor: Robe              |     5 |     1 |       ||     6
Dodge: Dodged            |     8 |     5 |     2 ||    15

Table legend: (Time is in decaauts)
 A = Elapsed time spent in this place.
 B = Non-inter-level travel time spent in this place.
 C = Inter-level travel time spent in this place.
 D = Time resting spent in this place.
 E = Time spent auto-exploring this place.
 F = Levels seen in this place.
 G = Mean time per level.
                   A        B        C        D        E       F      G
               +--------+--------+--------+--------+--------+-----+--------+
         Total |    428 |    428 |      0 |    258 |      3 |   1 |  428.0 |
       Dungeon |    428 |    428 |      0 |    258 |      3 |   1 |  428.0 |
               +--------+--------+--------+--------+--------+-----+--------+

Top non-repeatable levels by time:
       D: 428 daAuts
